[Event "Early-Titled-Tuesday-Blitz-November-28-2023"]
[Site "Chess.com"]
[Date "2023.11.28"]
[Round "2"]
[White "Alexchess1984"]
[Black "Quattroporte300"]
[Result "1-0"]
[WhiteElo "2705"]
[BlackElo "2382"]
[TimeControl "180+1"]
[EndTime "8:18:19 PST"]
[Termination "Alexchess1984 won by resignation"]

1. e4 c5 2. c3 d5 3. exd5 Qxd5 4. d4 Nf6 5. Nf3 e6 6. a3 Nc6 7. Be3 Be7 8. Bd3 O-O 9. O-O Rd8 10. Qe2 Qh5 11.
h3 Nd5 12. Nbd2 Nxe3 13. fxe3 Bf6 14. Ne4 Be7 15. Kh2 f5 16. Nxc5 Bxc5 17. dxc5 e5 18. Bc4+ Kh8 19. Rad1 Rf8 20. b4 a6 21. Rd2 g5 22. Bd5 e4 23. Bxc6 bxc6 24. Nd4 Qxe2 25. Rxe2 Bd7 26. Ref2 a5 27. Nxf5 axb4 28. axb4 Ra3 29.
Ng3 Rxf2 30. Rxf2 Rxc3 31. Nxe4 Rxe3 32. Nxg5 Rb3 33. Nf7+ Kg7 34. Nd6 Be6 35. Rf4 Bd5 36. g4 Rb2+ 37. Kg3 Rg2+ 38. Kh4 Kg6 39. Nf5 Kf6 40.
Ne3+ Ke5 41. Nxg2 Bxg2 42. Rf7 Be4 43. Rc7 Kd4 44. Kg5 Kc4 45. Kf4 Bg2 46. Rxh7 Kxb4 47. g5 Kxc5 48. h4 Bd5 49. g6 Kd4 50. Rc7 c5 51. h5 c4 52. h6 c3 53. h7 Bc4 54.
h8=Q+ 1-0

[Event "Early-Titled-Tuesday-Blitz-November-28-2023"]
[Site "Chess.com"]
[Date "2023.11.28"]
[Round "2"]
[White "andrzej"]
[Black "infantaria08"]
[Result "1-0"]
[WhiteElo "2474"]
[BlackElo "2204"]
[TimeControl "180+1"]
[EndTime "8:18:19 PST"]
[Termination "andrzej won by resignation"]

1. e4 e5 2. Nf3 Nc6 3. Bb5 a6 4. Ba4 d6 5. O-O Bg4 6. h3 h5 7. Bxc6+ bxc6 8. d4 Bxf3 9. Qxf3 exd4 10. Re1 Qf6 11.
Qb3 Ne7 12. Qb7 Rc8 13. Nd2 g6 14. Nc4 Bg7 15. Na5 c5 16. Qxa6 O-O 17. Qd3 Ra8 18. Nc4 Nc6 19. Bd2 Ne5 20. Nxe5 Qxe5 21. a4 c6 22. a5 d5 23. exd5 Qxd5 24. b3 Rfe8 25. Rxe8+ Rxe8 26. a6 Ra8 27. Ra4 Qd7 28. Qg3 Qa7 29.
Qd6 Qb6 30. Qe7 Rxa6 31. Qe8+ Bf8 32. Rxa6 Qxa6 33. Bh6 Kh7 34. Qxf8 Qa1+ 35. Kh2 d3 36. cxd3 Qh8 37. Qxh8+ Kxh8 38. Be3 Kg7 39. Bxc5 Kf6 40. Kg3 Ke6 41. Kf3 f5 42. Ke3 g5 43. g3 Kd5 44. Be7 g4 45. h4 c5 46. Bf6 Ke6 47. Bc3 Kd5 48. Kf4 Ke6 49. Kg5 Kd5 50. Kxf5 c4 51.
bxc4+ Kd6 52. Kg5 Kc5 53. Kxh5 Kd6 1-0

[Event "Early-Titled-Tuesday-Blitz-November-28-2023"]
[Site "Chess.com"]
[Date "2023.11.28"]
[Round "2"]
[White "GeorgiosSouleidis"]
[Black "BogdanDeac"]
[Result "0-1"]
[WhiteElo "2619"]
[BlackElo "2991"]
[TimeControl "180+1"]
[EndTime "8:18:20 PST"]
[Termination "BogdanDeac won by resignation"]

1. e4 c6 2. Nc3 d5 3. Nf3 dxe4 4. Nxe4 Nf6 5. Qe2 Na6 6. Nxf6+ gxf6 7. d4 Bg4 8. c3 Qd5 9. Qe3 Bxf3 10. Qxf3 Qxf3 11.
gxf3 Nc7 12. Rg1 e6 13. Bd3 Bd6 14. h3 Kd7 15. Be3 Rag8 16. Ke2 f5 17. c4 Rg6 18. Bd2 Rhg8 19. Rxg6 hxg6 20. Rh1 Rh8 21. Bc3 Rh4 22.
Ke3 b5 23. b3 Bf4+ 24. Ke2 Bg5 25. Bc2 Bf6 26. Kd3 c5 27. dxc5 Bxc3 28. Kxc3 bxc4 29. bxc4 Kc6 30. Bd3 Na6 31. Be2 Nxc5 32. Rb1 Rxh3 33. Rb8 Rh2 34. Rc8+ Kb6 35. Rb8+ Kc7 36.
Rf8 Rxf2 37. Rxf7+ Kb6 38. Bd1 Rxa2 39. Rf6 Rg2 40. f4 a5 41. Bc2 a4 42. Rf8 a3 43.
Ra8 Na6 44. c5+ Nxc5 45. Rxa3 Rg3+ 46. Kb2 Rxa3 47. Kxa3 Kb5 48. Kb2 Kc4 0-1

[Event "Early-Titled-Tuesday-Blitz-November-28-2023"]
[Site "Chess.com"]
[Date "2023.11.28"]
[Round "2"]
[White "vugarrasulov"]
[Black "Vesper2018"]
[Result "1-0"]
[WhiteElo "2921"]
[BlackElo "2599"]
[TimeControl "180+1"]
[EndTime "8:18:21 PST"]
[Termination "vugarrasulov won on time"]

1. e4 c5 2. Nf3 d6 3. c3 Nf6 4. Be2 Bd7 5. d3 g6 6. O-O Bg7 7. h3 O-O 8. Re1 e5 9. a4 Nc6 10. Nbd2 d5 11. exd5 Nxd5 12. Nc4 Qc7 13. Bf1 Rad8 14.
Ng5 b6 15. a5 b5 16. Ne3 Nce7 17. Nxd5 Nxd5 18. Qf3 Bc6 19. Ne4 f5 20. Nxc5 Qd6 21. Nb3 Nxc3 22. Qe3 Nd5 23. Qxa7 Nb4 24. Be3 Nc2 25.
Bc5 Qd5 26. Bxf8 Rxf8 27. Qc5 Qxb3 28. Qxc6 Nxe1 29. Rxe1 Qxb2 30. a6 Qd4 31. Qxb5 Kh8 32. Rc1 e4 33. Qc5 Qxc5 34. Rxc5 Bd4 35. Rd5 Bb6 36.
Rd6 Bc5 37. Rc6 Bd4 38. Rc4 Ba7 39. Rc7 Bb6 40. Rb7 Bd4 41. Be2 exd3 42. Bxd3 Rc8 43. Kf1 Rc1+ 44. Ke2 Ra1 45. Bc4 Bc5 46. f4 h6 47. g4 Bd4 48. gxf5 gxf5 49. h4 Bc5 50. h5 Bd4 51. Kd3 Bc5 52. Bb5 1-0

[Event "Early-Titled-Tuesday-Blitz-November-28-2023"]
[Site "Chess.com"]
[Date "2023.11.28"]
[Round "2"]
[White "becemix"]
[Black "WoolworthsManly"]
[Result "0-1"]
[WhiteElo "2345"]
[BlackElo "2691"]
[TimeControl "180+1"]
[EndTime "8:18:21 PST"]
[Termination "WoolworthsManly won on time"]

1. e4 e5 2. Nf3 Nc6 3. Bb5 a6 4. Ba4 Nge7 5. O-O g6 6. d4 exd4 7. Bg5 Bg7 8. c3 h6 9. Bxe7 Nxe7 10. cxd4 O-O 11. Nc3 d5 12. e5 Nf5 13. Rc1 c6 14.
Bc2 f6 15. Re1 fxe5 16. Nxe5 Qf6 17. Qd2 h5 18. Bxf5 Bxf5 19. Na4 Rae8 20. Nc5 Re7 21. f4 Bh6 22. Rf1 g5 23. fxg5 Bxg5 24. Qc3 Bxc1 25.
Qxc1 Qg7 26. Rf3 Bg4 27. Rg3 Rxe5 28. dxe5 Qxe5 29. Nd7 Qd4+ 30. Kh1 Qd2 31. Qb1 Qc2 32.
Qe1 Qf2 33. Qxf2 Rxf2 34. h3 Rxb2 35. hxg4 hxg4 36. Rxg4+ Kf7 37. a4 b5 38. Ne5+ Ke6 39. Nxc6 Kd6 40. a5 Kxc6 41. Rg6+ Kc5 42. Rxa6 d4 43. Ra8 d3 44. Rc8+ Kb4 45. a6 d2 0-1

[Event "Early-Titled-Tuesday-Blitz-November-28-2023"]
[Site "Chess.com"]
[Date "2023.11.28"]
[Round "2"]
[White "LoveUMore"]
[Black "Laico"]
[Result "1-0"]
[WhiteElo "2551"]
[BlackElo "2336"]
[TimeControl "180+1"]
[EndTime "8:18:22 PST"]
[Termination "LoveUMore won on time"]

1. d4 e6 2. Nf3 f5 3. g3 b6 4. Bg2 Bb7 5. O-O Nf6 6. b3 Be7 7. Bb2 O-O 8. Nbd2 Qe8 9. c4 Qh5 10. d5 exd5 11. Nh4 Ne4 12. cxd5 Bxh4 13. gxh4 Bxd5 14.
Nxe4 Bxe4 15. Bxe4 fxe4 16. Qd4 Qg4+ 17. Kh1 Nc6 18. Qd5+ Qe6 19. Qxe6+ dxe6 20. Rac1 Nb4 21.
Rxc7 Rf7 22. Rc4 Nxa2 23. Rxe4 Rd8 24. Ra1 Rd2 25. Bd4 e5 26. Be3 Rxe2 27. Rxe5 a5 28.
Re8+ Rf8 29. Rxf8+ Kxf8 30. Bxb6 Rc2 31. Bxa5 Nc1 32.
b4 Nd3 33. Kg2 Rxf2+ 34. Kg3 Rb2 35. Ra4 Kf7 36. Kf3 Ke6 37. Ke4 Rb3 38. Kd4 Nb2 39.
Ra1 Kd6 40. Rg1 g6 41. Rf1 Rd3+ 42. Ke4 Rh3 43. Rf6+ Ke7 44. Rf2 Rxh4+ 45. Kd5 Na4 46. Re2+ Kd7 47. b5 1-0

[Event "Early-Titled-Tuesday-Blitz-November-28-2023"]
[Site "Chess.com"]
[Date "2023.11.28"]
[Round "2"]
[White "Atousa1"]
[Black "Sconko"]
[Result "1/2-1/2"]
[WhiteElo "2450"]
[BlackElo "2199"]
[TimeControl "180+1"]
[EndTime "8:18:24 PST"]
[Termination "Game drawn by repetition"]

1. e4 c5 2. Nf3 Nc6 3. d4 cxd4 4.
Nxd4 g6 5. c4 Nf6 6. Nc3 Bg7 7.
Be3 O-O 8. Be2 d6 9. O-O Bd7 10.
f3 Nxd4 11. Bxd4 a5 12. Qd2 Bc6 13. Rad1 Nd7 14. Bxg7 Kxg7 15. b3 Nc5 16. Kh1 Qb6 17. Nd5 Bxd5 18. exd5 Qb4 19. Qd4+ Kg8 20. f4 a4 21. f5 axb3 22. axb3 Ra2 23. fxg6 hxg6 24. Qe3 Qxb3 25. Qxe7 Qb2 26. Bf3 Ra6 27. h4 Qe5 28.
Rfe1 Qxe7 29. Rxe7 Kg7 30. Rc7 Rh8 31. g3 Ra3 32.
Kg2 Ra2+ 33. Kh3 Ra3 34. Bg2 Rd8 35. Rf1 Rd7 36. Rc8 Re7 37. Rf3 Rxf3 38. Bxf3 Re3 39. Kg2 Rc3 40. Rd8 Rc2+ 41. Kh3 Rc3 42. Bg2 Rxc4 43. Rxd6 Rd4 44. Rd8 b5 45. Rc8 Nd3 46.
Bf3 b4 47. Rb8 Ne5 48. Bg2 Ng4 49. h5 gxh5 50. Rb6 Nf2+ 51. Kh2 Ng4+ 52. Kh3 Nf2+ 53.
Kh2 Ng4+ 54. Kh3 1/2-1/2

[Event "Early-Titled-Tuesday-Blitz-November-28-2023"]
[Site "Chess.com"]
[Date "2023.11.28"]
[Round "2"]
[White "amanjazu"]
[Black "FischerKasparow"]
[Result "1-0"]
[WhiteElo "2437"]
[BlackElo "2097"]
[TimeControl "180+1"]
[EndTime "8:18:24 PST"]
[Termination "amanjazu won on time"]

1. g3 e5 2. Bg2 d5 3. d4 exd4 4.
Qxd4 Be6 5. c4 Nc6 6. Qd1 dxc4 7. Bd2 Nf6 8. Nf3 h6 9. O-O Bd6 10. Nc3 O-O 11. Rc1 a6 12. Be3 Rb8 13. Nd4 Nxd4 14. Bxd4 b5 15. e4 Be7 16. h3 c5 17. Be3 Qxd1 18.
Rfxd1 Rfd8 19. f4 g6 20. e5 Nh5 21. g4 Ng7 22. a4 h5 23. Bf3 hxg4 24. hxg4 bxa4 25.
Rxd8+ Bxd8 26. Nxa4 Rb4 27. Bd1 Be7 28. Bd2 Rb5 29.
Kf2 Bd7 30. Ke3 Rb7 31. Nc3 Rxb2 32. Nd5 Bf8 33. Rxc4 Be6 34. Nf6+ Kh8 35. Rc3 c4 36. Ke4 Rxd2 37. Rh3+ Nh5 38. f5 Rxd1 39. fxe6 Rd3 40. Rh1 fxe6 41. gxh5 1-0

[Event "Early-Titled-Tuesday-Blitz-November-28-2023"]
[Site "Chess.com"]
[Date "2023.11.28"]
[Round "2"]
[White "ChessBliss09"]
[Black "Caisachess"]
[Result "1-0"]
[WhiteElo "2027"]
[BlackElo "2408"]
[TimeControl "180+1"]
[EndTime "8:18:24 PST"]
[Termination "ChessBliss09 won by resignation"]

1. e4 e5 2. Nf3 Nc6 3. Bc4 Bc5 4. d3 Nf6 5. O-O d6 6. h3 a6 7. c3 h6 8. b4 Ba7 9. Be3 g5 10.
Nbd2 g4 11. hxg4 Bxg4 12. Bxa7 Nxa7 13. d4 Nc6 14. dxe5 dxe5 15. Qb3 Qe7 16. b5 Na5 17.
Qa4 Nxc4 18. bxa6+ Bd7 19. Qxc4 Rxa6 20. Qxc7 Bc6 21.
Qb8+ Qd8 22. Qxe5+ Kf8 23. Qc5+ Qe7 24. Qxe7+ Kxe7 25. e5 Nd5 26. c4 Nf4 27. g3 Rg8 28. Kh2 Nd3 29. Nd4 Bd7 30. Ne4 Nxe5 31. Nc5 Ng4+ 32.
Kg1 Rb6 33. Rfe1+ Kd8 34. Rad1 Kc7 35. Re7 Rd8 36. Nxd7 Rxd7 37. Nb5+ Rxb5 38. Rdxd7+ Kb6 39. cxb5 Kxb5 40. Rxb7+ Kc5 41. Rxf7 Ne5 42. Rf5 Kd6 43. Rxe5 Kxe5 44. a4 Kd5 45. a5 Kc6 46. a6 Kc5 47. Rh7 Kc4 48. a7 Kc5 49. a8=Q Kc4 50. Qc8+ Kd4 51.
Qd7+ Ke4 52. Re7+ 1-0

[Event "Early-Titled-Tuesday-Blitz-November-28-2023"]
[Site "Chess.com"]
[Date "2023.11.28"]
[Round "2"]
[White "lluiss"]
[Black "Kovalyov_Eduard"]
[Result "1/2-1/2"]
[WhiteElo "2215"]
[BlackElo "2470"]
[TimeControl "180+1"]
[EndTime "8:18:25 PST"]
[Termination "Game drawn by repetition"]

1. Nf3 d5 2. d4 Nf6 3. c4 e6 4.
cxd5 exd5 5. Nc3 c6 6. Qc2 Bd6 7. Bg5 Nbd7 8. e3 h6 9. Bh4 O-O 10. Bd3 Re8 11. O-O Nf8 12. Bg3 Ne6 13. Rab1 Bxg3 14.
hxg3 Ng5 15. b4 b5 16. Ne2 Bd7 17. Ne5 Rc8 18. Rfc1 Nge4 19. Nf4 Nd6 20. a4 a6 21. axb5 axb5 22. Ra1 Nc4 23. Bxc4 dxc4 24. Ra7 Rc7 25.
Rca1 Nd5 26. Nxd5 cxd5 27. R1a5 f6 28. Ng6 Qb8 29. Rxc7 Qxc7 30. Nf4 Qc6 31. Qg6 Re7 32.
Qh5 Be6 33. Nxe6 Rxe6 34. Ra7 Qe8 35. Qxd5 Kh7 36. Rc7 Re7 37. Rc5 Rd7 38. Qf5+ Kh8 39. Rxb5 Rc7 40. Rc5 Rxc5 41. bxc5 Qb5 42. Qc8+ Kh7 43.
Qf5+ Kh8 44. Qc2 Qb3 45. Qf5 c3 46. Qc8+ Kh7 47. Qf5+ Kh8 48. Qc8+ Kh7 49. Qf5+ Kh8 1/2-1/2

[Event "Early-Titled-Tuesday-Blitz-November-28-2023"]
[Site "Chess.com"]
[Date "2023.11.28"]
[Round "2"]
[White "emeli_chess"]
[Black "Meri-Arabidze"]
[Result "0-1"]
[WhiteElo "2383"]
[BlackElo "2682"]
[TimeControl "180+1"]
[EndTime "8:18:27 PST"]
[Termination "Meri-Arabidze won by resignation"]

1. d4 f5 2. e4 fxe4 3. Nc3 Nf6 4. Bg5 Nc6 5. f3 d5 6. Bb5 a6 7. Bxc6+ bxc6 8. Bxf6 exf6 9. fxe4 dxe4 10. Nxe4 Be7 11. Nf3 O-O 12. O-O Rb8 13. b3 Bg4 14. Ng3 Bd6 15. Qd3 Re8 16. Rae1 Qd7 17. Re4 Rxe4 18.
Qxe4 Re8 19. Qd3 a5 20. c4 c5 21. d5 Bf4 22. Re1 Rxe1+ 23. Nxe1 h5 24. Nf3 Qe8 25. Ne4 Qe7 26. Nf2 Be3 27. Kf1 Bxf3 28. gxf3 Qe5 29. Qe4 Qxe4 30. Nxe4 Kf7 31. Ke2 Bd4 32. h3 g5 33. Kd3 Kg6 34. a3 f5 35. Nd2 Bb2 36.
b4 axb4 37. axb4 cxb4 38. Nb3 Kf6 39. c5 Ke5 40. Kc4 Bc3 41. Na5 h4 42. Nc6+ Kf6 43. Nxb4 Bxb4 44. Kxb4 g4 45. d6 cxd6 46. c6 Ke7 47. Kb5 Kd8 48. fxg4 fxg4 49. hxg4 h3 50. Kb6 Kc8 51. g5 h2 0-1

[Event "Early-Titled-Tuesday-Blitz-November-28-2023"]
[Site "Chess.com"]
[Date "2023.11.28"]
[Round "2"]
[White "whitemirrorninja"]
[Black "gpsji27"]
[Result "0-1"]
[WhiteElo "2507"]
[BlackElo "2335"]
[TimeControl "180+1"]
[EndTime "8:18:27 PST"]
[Termination "gpsji27 won by checkmate"]

1. d4 d5 2. Nc3 Nf6 3. Bf4 e6 4. Nb5 Na6 5. e3 Be7 6. Nf3 c6 7. Nc3 c5 8. Nb5 O-O 9. c3 Bd7 10. a4 Ne4 11. Bd3 f5 12. h4 Bxb5 13. axb5 Nc7 14. h5 c4 15. Bxc7 Qxc7 16. Be2 f4 17.
Ne5 fxe3 18. fxe3 Bd6 19. Bg4 Bxe5 20. Bxe6+ Kh8 21. dxe5 Qxe5 22. Qg4 Nf2 23. Qd4 Qxd4 24. cxd4 Nxh1 25. Bxd5 Ng3 26. Bxc4 Rac8 27. Bd3 Nxh5 28. Rxa7 Rc7 29. b6 Re7 30. Be2 Ng3 31. Bf3 Rxe3+ 32.
Kf2 Nf5 33. g4 Rb3 34. gxf5 g6 35. Ra5 Rxb2+ 36. Ke3 Rxb6 37. fxg6 Rb3+ 38. Ke4 Rbxf3 39.
Rg5 hxg6 40. Rxg6 R3f4+ 41. Ke5 R4f5+ 42. Ke6 Kh7 43. Rg2 Rf2 44. Rg4 Re2+ 45. Kd6 Rf7 46. d5 Rd2 47. Ke6 Rg7 48. Rh4+ Kg8 49. d6 Rg6+ 50.
Ke7 Rdxd6 51. Rf4 Rge6# 0-1

[Event "Early-Titled-Tuesday-Blitz-November-28-2023"]
[Site "Chess.com"]
[Date "2023.11.28"]
[Round "2"]
[White "deribas12345"]
[Black "Sokoloco"]
[Result "0-1"]
[WhiteElo "2527"]
[BlackElo "2765"]
[TimeControl "180+1"]
[EndTime "8:18:31 PST"]
[Termination "Sokoloco won by resignation"]

1. d4 d6 2. c4 e5 3. d5 f5 4. e4 f4 5. g3 Ne7 6. gxf4 exf4 7. Bxf4 Ng6 8. Bg3 Be7 9. Nc3 O-O 10. Nge2 Bg4 11.
Rg1 Nd7 12. Qc2 Bg5 13. Nd4 Qf6 14. Ne6 Bxe6 15. dxe6 Nde5 16. Be2 c6 17. c5 dxc5 18. Qb3 Kh8 19. Rd1 Rae8 20. Qxb7 Rb8 21. Qxa7 Rxb2 22. Qxc5 Re8 23. Rb1 Rc2 24. h4 Bf4 25. Nd5 Rxc5 26.
Nxf6 gxf6 27. h5 Bxg3 28. fxg3 Nf8 29. Rf1 Kg7 30. Rb7+ Kg8 31. Rxf6 Nxe6 32. Rf5 Nd4 33. Bd1 Nxf5 34. exf5 Nf3+ 35. Kf2 Ng5 36. Bb3+ Kh8 37. g4 Rc3 38. h6 Nh3+ 39. Kg2 Re2+ 40. Kf1 Rf2+ 41. Ke1 Re3+ 42. Kd1 Re8 43. Bf7 Rd8+ 44. Ke1 Rf4 45. Be6 Rxg4 46. f6 Re4+ 47. Kf1 Rxe6 48. f7 Rf6+ 49. Kg2 Rf8 50. Kxh3 R6xf7 51. Rb6 Rf6 52.
a4 Rg8 53. Rxc6 Rxc6 0-1

[Event "Early-Titled-Tuesday-Blitz-November-28-2023"]
[Site "Chess.com"]
[Date "2023.11.28"]
[Round "2"]
[White "nicolochessit"]
[Black "muthaiahchess"]
[Result "0-1"]
[WhiteElo "2316"]
[BlackElo "2539"]
[TimeControl "180+1"]
[EndTime "8:18:33 PST"]
[Termination "muthaiahchess won by resignation"]

1. e4 e6 2. d4 d5 3. Nd2 c5 4. exd5 Qxd5 5. Ngf3 cxd4 6. Bc4 Qd7 7. Nb3 Nc6 8. O-O a6 9. Nbxd4 Nf6 10. Bf4 Nxd4 11.
Qxd4 Qxd4 12. Nxd4 Bd7 13. Rad1 Rc8 14. Bb3 Bc5 15. Be3 Ke7 16. Rfe1 g6 17. c3 h6 18. Nc2 Bxe3 19. Nxe3 Bc6 20. f3 Rhd8 21. Kf2 Rxd1 22. Rxd1 g5 23. Nc4 Nd7 24. Nd6 Rd8 25. Bc2 Ne5 26.
Ne4 Rxd1 27. Bxd1 Bxe4 28. fxe4 Nd3+ 29. Ke3 Nxb2 30. Bb3 b5 31. Kd4 Kd6 32. e5+ Kc6 33. g3 Kb6 34. h4 gxh4 35. gxh4 Kc6 36. h5 Kb6 37. Bd1 Nc4 38. Bc2 Kc6 39. Bh7 Kd7 40.
Bg8 Ke7 41. Kc5 Nxe5 42. Kb6 f5 43. Kxa6 f4 44. Kxb5 f3 45. Bh7 f2 46. Bd3 Nxd3 47.
a4 f1=Q 48. a5 Ne5+ 49. Kb6 Qc4 50. a6 Qc6+ 51. Ka7 Nd7 0-1

[Event "Early-Titled-Tuesday-Blitz-November-28-2023"]
[Site "Chess.com"]
[Date "2023.11.28"]
[Round "2"]
[White "OhanyanEminChess"]
[Black "PabloZarnicki"]
[Result "1-0"]
[WhiteElo "2861"]
[BlackElo "2554"]
[TimeControl "180+1"]
[EndTime "8:18:34 PST"]
[Termination "OhanyanEminChess won by checkmate"]

1. e4 e5 2. Nc3 Nf6 3. Bc4 Nxe4 4. Qh5 Nd6 5. Bb3 g6 6. Qxe5+ Qe7 7. Qxe7+ Bxe7 8.
d4 O-O 9. Nf3 c6 10. Bh6 Re8 11. Ne5 Bf8 12. Bf4 Kg7 13. O-O-O f6 14. Ng4 g5 15. Bd2 Nf5 16. d5 h5 17. Ne3 Nxe3 18.
Bxe3 d6 19. h4 g4 20. Rhe1 c5 21. a4 Na6 22. Ne2 Bd7 23. Nf4 b5 24. axb5 Kf7 25.
bxa6 Bb5 26. c4 Bxa6 27. Bc2 Re5 28. b3 Bc8 29. Bg6+ Kg7 30. Bxh5 Bf5 31. f3 g3 32.
Bg4 Bh7 33. Ne6+ Kg8 34. f4 Re4 35. Bf3 Rxe3 36. Rxe3 Bh6 37. Bh5 Bf5 38. Rxg3+ Kh7 39. Rf1 a5 40. Bd1 a4 41. bxa4 Rb8 42. Bc2 Bxc2 43.
Kxc2 Rb4 44. Rb1 Rxc4+ 45. Kd3 Rxa4 46. Rb7+ Kh8 47. Rb8+ Kh7 48. Rb7+ Kh8 49. Rg6 Bxf4 50. Rb8+ Kh7 51. Nf8+ Kh8 52. Nd7+ Kh7 53. Nf8+ Kh8 54.
h5 Bg5 55. h6 Rd4+ 56. Kc2 Rd2+ 57. Kc3 Rxg2 58. Ne6+ Kh7 59. Rg7+ Kxh6 60. Rh8# 1-0

[Event "Early-Titled-Tuesday-Blitz-November-28-2023"]
[Site "Chess.com"]
[Date "2023.11.28"]
[Round "2"]
[White "sumopork"]
[Black "FoxOnTheRun97"]
[Result "1/2-1/2"]
[WhiteElo "2838"]
[BlackElo "2555"]
[TimeControl "180+1"]
[EndTime "8:18:35 PST"]
[Termination "Game drawn - insufficient material"]

1. Nf3 Nf6 2. c4 c6 3. g3 d5 4. Bg2 Bf5 5. O-O e6 6. cxd5 exd5 7. d3 h6 8. Qb3 Qb6 9. Qc2 Be7 10. Nc3 O-O 11.
e4 Bh7 12. Qe2 Re8 13. e5 Nfd7 14. d4 Nf8 15. Be3 a5 16. Rad1 a4 17. a3 Qa6 18.
Qd2 b5 19. Na2 Qa5 20. Nb4 Bxb4 21. axb4 Qc7 22. Ra1 Nbd7 23. Qc3 Nb6 24. Nd2 Qd7 25. b3 Bf5 26. Rfc1 Rec8 27. Qb2 axb3 28. Nxb3 Nc4 29. Qc3 Ne6 30. f4 h5 31. Bf2 g6 32. Na5 Ra6 33.
Nxc4 Rxa1 34. Nb6 Rxc1+ 35. Qxc1 Qc7 36. Nxc8 Qxc8 37. Bxd5 Qf8 38. Bxc6 Qxb4 39. Qe3 Bh3 40. Bg2 Bxg2 41. Kxg2 Qc4 42. Qe4 Nc7 43. Qb7 b4 44.
d5 Qxd5+ 45. Qxd5 Nxd5 46. Kf3 b3 47. Bd4 Nb6 48. Ke4 Na4 49. Kd3 Kf8 50. h3 Ke7 51. g4 hxg4 52. hxg4 Ke6 53. Ke4 b2 54. f5+ gxf5+ 55.
gxf5+ Kd7 56. Bxb2 Nxb2 57. e6+ fxe6 58. fxe6+ Kxe6 1/2-1/2

[Event "Early-Titled-Tuesday-Blitz-November-28-2023"]
[Site "Chess.com"]
[Date "2023.11.28"]
[Round "2"]
[White "ArtemDyachuk"]
[Black "queen_iryna"]
[Result "1-0"]
[WhiteElo "2524"]
[BlackElo "2323"]
[TimeControl "180+1"]
[EndTime "8:18:35 PST"]
[Termination "ArtemDyachuk won by resignation"]

1. c4 d6 2. Nc3 e5 3. g3 f5 4. Bg2 Nf6 5. d3 Nc6 6. Nf3 g6 7. O-O Bg7 8. Rb1 O-O 9. b4 f4 10. b5 Ne7 11. gxf4 Nh5 12. fxe5 dxe5 13. Ne4 Nf5 14. Bg5 Qe8 15. Qd2 Nd4 16. Nxd4 exd4 17. Bh6 Qe5 18. Bxg7 Kxg7 19. e3 Bg4 20. f4 dxe3 21. Qxe3 Nxf4 22. Rbe1 Nxg2 23. Kxg2 Rxf1 24. Rxf1 Re8 25. Qg3 Qxg3+ 26. Nxg3 Bd7 27. Kf2 Rf8+ 28. Ke3 Rxf1 29. Nxf1 Kf6 30. Ng3 Bf5 31. Ne2 Be6 32.
a4 Ke5 33. Ng3 g5 34. d4+ Kf6 35. d5 Bd7 36. Kd4 h5 37. Nxh5+ Kf5 38. Ng3+ Kf4 39. Ne4 g4 40. c5 Kf3 41. c6 bxc6 42. bxc6 Bc8 43.
d6 cxd6 44. Nxd6 Ba6 45. Ke5 Kg2 46. Kf4 Kxh2 47. Kxg4 Kg2 48. Kf4 Kf2 49. Ke4 Ke2 50. Kd4 Kd2 51. Kc5 Kc3 52. Nb5+ Kb3 53. Nxa7 Kxa4 54. Kb6 Bc8 55. Nxc8 1-0

[Event "Early-Titled-Tuesday-Blitz-November-28-2023"]
[Site "Chess.com"]
[Date "2023.11.28"]
[Round "2"]
[White "DanylaBagrov"]
[Black "snowlord"]
[Result "0-1"]
[WhiteElo "2573"]
[BlackElo "2887"]
[TimeControl "180+1"]
[EndTime "8:18:37 PST"]
[Termination "snowlord won on time"]

1. e4 e6 2. Qe2 c5 3. Nf3 Nc6 4. g3 g6 5. Bg2 Bg7 6. O-O Nge7 7. c3 O-O 8. Rd1 e5 9. Na3 d6 10. Nc2 f5 11. Qc4+ Kh8 12. Ng5 fxe4 13. Nf7+ Rxf7 14. Qxf7 d5 15. d3 Bg4 16. f3 exd3 17. Ne3 Bf5 18. g4 Bc8 19. Rxd3 e4 20. Rxd5 Nxd5 21. Qxd5 Qxd5 22.
Nxd5 exf3 23. Bxf3 Ne5 24. Be2 Bxg4 25. Bxg4 Nxg4 26.
Bf4 Rd8 27. c4 b5 28. Bg5 Rd7 29. Re1 Bd4+ 30. Kg2 bxc4 31. Nf4 Ne5 32. Bf6+ Kg8 33. Bxe5 Re7 34. Bxd4 Rxe1 35. Bxc5 Ra1 36. a3 Kf7 37.
Bxa7 c3 38. bxc3 Rxa3 39. Bd4 Ra2+ 40. Kg3 g5 41. Nd5 Ke6 42. Nf6 h6 43. Ne4 Kf5 44.
Nd6+ Kg6 45. Ne8 h5 46. h3 h4+ 47. Kf3 Rh2 48. c4 Rxh3+ 49. Ke4 Rh1 50. c5 Re1+ 51. Be3 h3 52. Kf3 Rxe3+ 53. Kxe3 h2 0-1

[Event "Early-Titled-Tuesday-Blitz-November-28-2023"]
[Site "Chess.com"]
[Date "2023.11.28"]
[Round "2"]
[White "Byniolus"]
[Black "Kotofeyca"]
[Result "1-0"]
[WhiteElo "2819"]
[BlackElo "2452"]
[TimeControl "180+1"]
[EndTime "8:18:38 PST"]
[Termination "Byniolus won by checkmate"]

1. d4 d5 2. Bf4 c6 3. e3 Nf6 4. c4 Qb6 5. Qb3 Nh5 6. Be5 Nd7 7. Nf3 Nxe5 8. Nxe5 e6 9. Nc3 Be7 10. f4 O-O 11.
Bd3 f6 12. Nf3 f5 13. O-O Nf6 14. Na4 Qxb3 15. axb3 Bd7 16. Ne5 Rfd8 17. c5 Be8 18.
b4 a6 19. Nb6 Rab8 20. h3 Nd7 21. Nbxd7 Bxd7 22. g4 g6 23. gxf5 exf5 24. Kh2 Be8 25.
Kg3 Kg7 26. h4 Bf6 27. h5 Bf7 28. Rh1 Rh8 29. Nd7 Rbd8 30. h6+ Kg8 31. Nxf6+ Kf8 32.
Kh4 Ke7 33. Kg5 Rdf8 34. b5 cxb5 35. c6 Be6 36. Nxh7 Rxh7 37. cxb7 Rb8 38. Rxa6 Rxb7 39. b4 Bf7 40. Rc1 Rh8 41. Rc5 Rhb8 42. Ra5 Re8 43.
Rcxb5 Rc7 44. Rc5 Rb7 45. Bb5 Reb8 46. Bc6 Rxb4 47. Bxd5 Bxd5 48. Rxd5 Rb3 49. Ra7+ Ke6 50. Re5+ Kd6 51. h7 Rb1 52. Kxg6 Rg1+ 53. Kxf5 Rf8+ 54.
Ke4 Rh1 55. Rg5 Rh8 56. Rg6# 1-0

[Event "Early-Titled-Tuesday-Blitz-November-28-2023"]
[Site "Chess.com"]
[Date "2023.11.28"]
[Round "2"]
[White "ideika"]
[Black "inagreV"]
[Result "1-0"]
[WhiteElo "2159"]
[BlackElo "2429"]
[TimeControl "180+1"]
[EndTime "8:18:38 PST"]
[Termination "ideika won on time"]

1. e4 c6 2. d4 d5 3. exd5 cxd5 4.
c4 Nf6 5. Nc3 Nc6 6. Nf3 e6 7.
cxd5 Nxd5 8. Bd3 Be7 9. O-O O-O 10. Re1 Nxc3 11. bxc3 b6 12. Qe2 Bb7 13. Bd2 Bf6 14. Rad1 Re8 15. Bf4 Rc8 16. Ne5 g6 17. Bb5 Bxe5 18.
dxe5 Qh4 19. Bg3 Qe7 20. Rd6 Na5 21. Bxe8 Qxe8 22. Red1 Bd5 23. Bh4 Qa4 24. Bf6 Nc4 25. R6xd5 exd5 26. e6 Re8 27. Rxd5 fxe6 28. Rd4 b5 29. h4 Qa3 30. Qd1 Qf8 31. Bg5 h6 32. Bc1 Kh7 33. Rd7+ Re7 34. Rd4 Qf6 35. g3 Ne5 36.
Kg2 Rc7 37. Rf4 Qg7 38. Qd6 Rc6 39. Qd8 Qb7 40. Kh3 Rc7 41. Qd1 Rd7 42. Rd4 Rxd4 43. cxd4 Nf3 44. Be3 Qe4 45. Qf1 g5 46. hxg5 hxg5 47. g4 Nxd4 48. Kg3 Qf3+ 49. Kh2 Ne2 50. Qh3+ Kg7 51. Qxf3 1-0

[Event "Early-Titled-Tuesday-Blitz-November-28-2023"]
[Site "Chess.com"]
[Date "2023.11.28"]
[Round "2"]
[White "Artem_Sadovsky"]
[Black "kereswasbest"]
[Result "1-0"]
[WhiteElo "2502"]
[BlackElo "2249"]
[TimeControl "180+1"]
[EndTime "8:18:39 PST"]
[Termination "Artem_Sadovsky won by resignation"]

1. Nf3 d5 2. e3 Nc6 3. c4 d4 4. b3 e5 5. Bb2 Bg4 6. e4 d3 7. a3 Qf6 8. h3 Bxf3 9. Qxf3 Qxf3 10.
gxf3 O-O-O 11. b4 f5 12. b5 Nd4 13. Bxd4 Rxd4 14. Nc3 Nf6 15. O-O-O Bxa3+ 16. Kb1 Rhd8 17. exf5 Rxc4 18. Ka2 Bb4 19. Kb3 Rd7 20. Kxc4 Rd4+ 21.
Kb3 a5 22. bxa6 bxa6 23. Ne4 Nd5 24. Rc1 a5 25. Rc4 a4+ 26. Kxa4 Rxc4 27. Bxd3 Rd4 28. Ba6+ Kd8 29. Kb3 Bxd2 30. Rd1 Bf4 31. Rxd4 exd4 32.
Nc5 Be5 33. Kc4 Nb6+ 34. Kd3 Ke7 35. f4 Bf6 36. Ne6 Nd5 37. Bb7 Kd6 38. Bxd5 Kxd5 39. Nxc7+ Kd6 40. Ne8+ Ke7 41. Nxf6 Kxf6 42. Kxd4 Kxf5 43.
Ke3 Kf6 44. Ke4 Ke6 45. f5+ Kf6 46. Kf4 Kf7 47. Kg5 Ke7 48. h4 Kf7 49. Kf4 Kf6 50. Ke4 Kf7 51. Ke5 Ke7 52. Kf4 Kf6 53. Kg4 Ke5 54.
Kg5 Ke4 55. f6 gxf6+ 56. Kxf6 Kf4 57. h5 Kg4 58. h6 Kf4 59. Kg7 Kf5 60. Kxh7 Kf6 61.
Kg8 Kg6 62. h7 1-0